 Dungeon Crawl Stone Soup version 0.18-a0-1045-g4e042de (webtiles) character file.

224 Ijustatesigmund the Agent of Entropy (level 5, -1/42 HPs)
             Began as a Demonspawn Abyssal Knight on Jan 11, 2016.
             Was a Priest of Lugonu.
             Slain by a gnoll
             ... wielding a +0 spear
              (6 damage)
             ... on level 3 of the Dungeon.
             The game lasted 00:08:23 (3609 turns).

Ijustatesigmund the Agent of Entropy (DsAK)         Turns: 3609, Time: 00:08:23

Health: -1/42      AC:  7    Str: 12      XL:     5   Next: 67%
Magic:  0/8        EV: 15    Int: 11 (13) God:    Lugonu [***...]
Gold:   118        SH:  0    Dex: 19      Spells: 0 memorised, 4 levels left

rFire  . . .     SeeInvis .     l - -2 mace (curse)
rCold  . . .     Gourm    .     d - +1 ring mail
rNeg   . . .     Faith    .     (no shield)
rPois  .         Spirit   +     (helmet restricted)
rElec  .         Dismiss  .     (no cloak)
rCorr  .         Reflect  .     b - +0 pair of gloves
SustAt .         Harm     .     (no boots)
MR     .....                    (no amulet)
Stlth  ++........               (no ring)
                                (no ring)

@: agile, drained, not resistant to hostile enchantments, unstealthy
A: antennae 1, magic shield
a: Depart the Abyss, Bend Space, Banish, Renounce Religion


You were on level 3 of the Dungeon.
You worshipped Lugonu.
Lugonu was most pleased with you.
You were hungry.

You visited 1 branch of the dungeon, and saw 4 of its levels.
You visited the Abyss 1 time.

You collected 118 gold pieces.

Inventory:

Hand Weapons
 a - a +1 mace
 l - a cursed -2 mace (weapon)
Armour
 b - a +0 pair of gloves (worn)
 d - a +1 ring mail (worn)
Scrolls
 e - a scroll of amnesia
Comestibles
 c - 2 bread rations
 f - 4 chunks of flesh
 i - a beef jerky


   Skills:
 + Level 4.0(3.4) Fighting
 * Level 4.0(3.4) Maces & Flails
 - Level 1.7(1.1) Armour
 - Level 0.8(0.2) Dodging
 + Level 4.4(3.7) Invocations


You had 4 spell levels left.
You didn't know any spells.

Dungeon Overview and Level Annotations

Branches:
Dungeon (4/15)
 Temple: D:4-7

Altars:
Fedhas
Okawaru
Trog


Innate Abilities, Weirdness & Mutations

You have a pair of small antennae on your head.
When hurt, damage is shared between your health and your magic reserves.


Message History

You are too injured to fight recklessly!
You are too injured to fight recklessly!
You are too injured to fight recklessly!
There is an open door here.
Drink which item? (? for menu, Esc to quit)
It was a potion of degeneration.
There was something very wrong with that liquid.
You feel dopey. The gnoll shaman barely misses you.
Drink which item? (? for menu, Esc to quit)
You feel agile all of a sudden. The gnoll hits you but does no damage.
The gnoll shaman mumbles some strange prayers to its god against you.
You resist with some effort.
You hit the gnoll shaman.
The gnoll shaman is heavily wounded.
The gnoll misses you. The gnoll shaman hits you with a club!
* * * LOW HITPOINT WARNING * * *
The gnoll hits you from afar with a spear!
You die...

.......##.##.......#
.).....##.##.......#
..........)........#
..........##..##'###
#######(#.##..##.#
#.#.##..##.#
#.#.##..##g#
#.#.###.##g#
#<#.###.##@#
#.......#<.#
#.#[######.######
#######.#.#
#.†.........
.)......(.#
#.##.#######
#######.### #.##.#
#.# #†##.# #.#
#.##.# #.#####.##.#


You could see a gnoll shaman and a gnoll.

Vanquished Creatures
  A crimson imp (D:3)
  An orc wizard (D:3)
  3 gnolls
  6 adders
  2 oozes
  2 worms (D:2)
  A giant gecko (D:1)
  2 orcs (D:3)
  8 goblins
  12 hobgoblins
  6 jackals
  7 kobolds
  5 bats
  2 giant newts
  9 rats
67 creatures vanquished.

Notes
Turn   | Place    | Note
--------------------------------------------------------------
     0 | Abyss:1  | Ijustatesigmund the Demonspawn Abyssal Knight began the quest for the Orb.
     0 | Abyss:1  | Reached XP level 1. HP: 18/18 MP: 2/2
     8 | D:1      | Escaped the Abyss
   200 | D:1      | Gained mutation: When hurt, damage is shared between your health and your magic reserves. [demonic ancestry]
   200 | D:1      | Reached XP level 2. HP: 21/24 MP: 4/4
   821 | D:1      | Reached ** piety under Lugonu
   942 | D:1      | Reached XP level 3. HP: 29/29 MP: 5/5
  1216 | D:2      | Found an iron altar of Okawaru.
  1535 | D:2      | Reached XP level 4. HP: 31/35 MP: 4/6
  2241 | D:2      | Found a blossoming altar of Fedhas.
  2433 | D:2      | Found a blossoming altar of Fedhas.
  2433 | D:2      | Found a bloodstained altar of Trog.
  2585 | D:3      | Gained mutation: You have a pair of small antennae on your head. [demonic ancestry]
  2585 | D:3      | Reached XP level 5. HP: 9/42 MP: 2/7
  3027 | D:3      | Reached skill level 4 in Invocations
  3133 | D:3      | Reached *** piety under Lugonu
  3609 | D:3      | Slain by a gnoll

Vault maps used:
D:1:      lordsloth_arrival_two_stooges
D:2:      okawaru_ov_weapons_minmay, gammafunk_temple_overflow_statue,
          fedhas_altar_4
D:3:      lemuel_castle_with_subvaults, first_bread, kennysheep_generic_room_6

Action                   |  1- 3 |  4- 6 || total
-------------------------+-------+-------++-------
Melee: Mace              |   133 |   306 ||   439
  Use: Scroll            |     5 |     1 ||     6
       Potion            |     2 |     3 ||     5
  Eat: Chunk             |     1 |     8 ||     9
